 Dungeon Crawl Stone Soup version 0.25-a0-474-ga8a2ee3166 (webtiles) character file.

Game seed: 8379921878131376780, levelgen mode: deterministic

95 Eurus the Digger (level 4, 0/27 HPs)
             Began as a Gargoyle Earth Elementalist on Feb 8, 2020.
             Slain by an orc priest
             ... wielding a +0 flail
              (1 damage)
             ... on level 2 of the Dungeon.
             The game lasted 00:05:28 (1546 turns).

Eurus the Digger (Gargoyle Earth Elementalist)      Turns: 1546, Time: 00:05:29

Health: 0/27       AC:  5    Str: 12    XL:     4   Next: 66%
Magic:  0/8        EV: 12    Int: 16    God:
Gold:   75         SH:  0    Dex: 10    Spells: 6/9 levels left

rFire    . . .     SeeInvis .   g - +0 short sword
rCold    . . .     Gourm    .   (no shield)
rNeg     + . .     Faith    .   c - +0 robe
rPois    ∞         Spirit   .   (no helmet)
rElec    +         Reflect  .   (no cloak)
rCorr    .         Harm     .   (no gloves)
MR       .....                  (no boots)
Stlth    ++........             (no amulet)
HPRegen  0.09/turn              (no ring)
MPRegen  0.11/turn              (no ring)

@: very slightly contaminated
A: negative energy resistance 1, electricity resistance, unbreathing,
petrification resistance, rot immunity, AC +3
a: no special abilities


You were on level 2 of the Dungeon.
You were not hungry.

You visited 1 branch of the dungeon, and saw 2 of its levels.

You collected 75 gold pieces.

Inventory:

Hand Weapons
 g - a +0 short sword (weapon)
Missiles
 b - 113 stones (quivered)
Armour
 c - a +0 robe (worn)
Jewellery
 f - an uncursed amulet of magic regeneration {unknown}
 i - an uncursed ring of protection from magic {unknown}
 k - an uncursed ring of protection from magic {unknown}
Scrolls
 a - 4 scrolls of identify {unknown}
 h - a scroll of teleportation {unknown}
 m - a scroll of fear {unknown}
Potions
 e - a potion of curing {unknown}
 j - 2 potions of lignification {unknown}
 l - a potion of heal wounds {unknown}
Comestibles
 d - 2 rations
 n - a chunk of flesh


   Skills:
 + Level 2.4 Fighting
 - Level 1.5 Dodging
 - Level 2.1 Stealth
 + Level 3.0 Spellcasting
 - Level 0.7 Transmutations
 + Level 4.7 Earth Magic


You had 6 spell levels left.
You knew the following spells:

 Your Spells              Type           Power        Failure   Level  Hunger
a - Sandblast             Erth           ###...       2%          1    #......
b - Passwall              Tmut/Erth      ##......     10%         2    ##.....

Your spell library contained the following spells:

 Spells                   Type           Power        Failure   Level  Hunger
 Stone Arrow              Conj/Erth      #.....       22%         3    ###....
 Petrify                  Tmut/Erth      ##......     52%         4    #####..
 Lee's Rapid Deconstruct  Erth           ###.......   58%         5    ######.


Dungeon Overview and Level Annotations

Branches:
Dungeon (2/15)

Altars:

Annotations:
D:1 1 exclusion
D:2 exclusion: 2 gnolls


Innate Abilities, Weirdness & Mutations

You are resistant to torment.
Your stone body is resilient. (AC +3)
You are immune to poison.
You resist negative energy. (rN+)
You are resistant to electric shocks. (rElec)
You can survive without breathing.
You are immune to petrification.
You are immune to rotting.


Message History

The orc priest is lightly wounded.
b - 114 stones The orc priest hits you with a +0 flail!
* * * LOW HITPOINT WARNING * * *
Casting: Sandblast (safe; 2% risk of failure)
Confirm with . or Enter, or press ? or * to list all spells.
Aiming: Sandblast (safe; 2% risk of failure)
Press: ? - help, Shift-Dir - straight line, f/p - orc priest
Aim: an orc priest, wielding a +0 flail (lightly wounded)
The blast of sand hits the orc priest!
The orc priest is almost dead.
b - 113 stones The orc priest completely misses you.
You barely miss the orc priest.
The orc priest is almost dead.
The orc priest miscasts a cantrip.
You closely miss the orc priest.
The orc priest is almost dead.
The orc priest hits you with a +0 flail.
You die...

........# #........##..........#
...###'## ###......##.....#.....
...# #.# #......##.....#.....
...###.# #########.....#÷....
.......# #........)..........
...###.# #........†..........
....##.# #.#....o.o..........
....##.# #.#o#.....#....####.
.......# #.#@#.....##......#.
.......# #.#.#...............
.......# #.#.......###.......
.......#######.........# #.......
....#..................###.......
....##..#####......#.#.#.........
........######.....#.#.#+#....†[#
...................+.......#....#
..........####.....#+#.....#....#


You could see an orc priest.

Vanquished Creatures
  An orc wizard (D:2)
  3 adders (D:2)
  An ooze (D:1)
  A dart slug (D:1)
  An orc (D:2)
  A giant cockroach (D:1)
  3 hobgoblins
  9 kobolds
  A ball python (D:1)
  3 bats (D:1)
  4 frilled lizards (D:2)
  5 goblins
  3 rats (D:2)
36 creatures vanquished.

Notes
Turn   | Place    | Note
-------+----------+-------------------------------------------
     0 | D:1      | Eurus the Gargoyle Earth Elementalist began the quest for
                  | the Orb.
     0 | D:1      | Reached XP level 1. HP: 10/10 MP: 3/3
   269 | D:1      | Reached skill level 1 in Fighting
   269 | D:1      | Reached XP level 2. HP: 11/16 MP: 1/5
   275 | D:1      | Learned a level 2 spell: Passwall
   415 | D:1      | Reached skill level 4 in Earth Magic
   569 | D:1      | Reached XP level 3. HP: 18/20 MP: 4/6
  1262 | D:2      | Found a faded altar of an unknown god.
  1368 | D:2      | Reached XP level 4. HP: 22/26 MP: 4/8
  1543 | D:2      | HP: 1/27 [orc priest/+0 flail (10)]
  1546 | D:2      | Slain by an orc priest

Levels and vault maps discovered:
D:1:      minmay_arrival_five_plusses, layout_basic, minmay_stone_trees_small
D:2:      lemuel_upstairs_altar, layout_basic, chequers_ecumenical_altar_twisty

Skill      XL: |  1  2  3  4 |
---------------+-------------+-----
Fighting       | 1 2 |  2.4
Earth Magic    | 4 |  4.7
Spellcasting   | 3 |  3.0
Dodging        | |  1.5
Stealth        | |  2.1
Transmutations | |  0.7

Action                   |  1- 3 |  4- 6 || total
-------------------------+-------+-------++-------
Melee: Unarmed           |    13 |       ||    13
       Short sword       |    75 |     6 ||    81
 Cast: Sandblast         |    20 |    10 ||    30
 Stab: Sleeping          |     2 |       ||     2
  Eat: Chunk             |     2 |       ||     2
Armor: Robe              |    35 |     4 ||    39
Dodge: Dodged            |    73 |     7 ||    80

Table legend:
 A = Non-vault XP
 B = Vault XP
 C = Vault XP percentage of total XP
 D = Non-vault monster count
 E = Vault monster count
 F = Vault count percentage of total count
                 A         B        C        D         E       F
            +---------+---------+-------+---------+---------+-------
      Total |     137 |       0 |   0.0 |      36 |       0 |   0.0
            +---------+---------+-------+---------+---------+-------
        D:1 |      36 |       0 |   0.0 |      18 |       0 |   0.0
        D:2 |     101 |       0 |   0.0 |      18 |       0 |   0.0
            +---------+---------+-------+---------+---------+-------
